AoeStats
← Ataturkle

Arabia

510844931Analyzed
1v1 RM · 11h ago on Oct 2, 2026· 21m 26s· 2 players
Game mode
Random Map
Map size
Tiny (2 player)
Population
200
Speed
Normal
Resources
Standard
Victory
Conquest
Starting age
Dark Age
Ending age
Imperial Age
RankedLock teamsTeams togetherTeam positionsShared explorationLock speedFull tech treeHidden civsTurbo modeCheats
Victory
Defeat
🇪🇸 Romans · Spain
1137
+16
🇺🇸 Portuguese · United States
1142
-16
Juanillin
7:15 Loom
9:38 Feudal Age
9:39 Man-at-Arms
14:41 Scale Mail Armor
16:01 Double-Bit Axe
21:08 Castle Age
21:31 Forging
Ataturkle
11:29 Feudal Age
9:46 Loom
12:19 Double-Bit Axe
18:30 Horse Collar
20:00 Gold Mining
21:15 Fletching
Connection lost

Rejoining the realm…

Still unreachable

The connection could not be restored.

Session expired

The server has moved on; the page needs a fresh start.